 Dungeon Crawl Stone Soup version 0.21.1-1-g345015fe64 (webtiles) character file.

102 RepoMan the Insei (level 4, -4/35 HPs)
             Began as a Draconian Transmuter on July 11, 2018.
             Slain by Emandoog's ghost (9 damage)
             ... on level 3 of the Dungeon.
             The game lasted 00:10:53 (2530 turns).

RepoMan the Insei (Draconian Transmuter)            Turns: 2530, Time: 00:10:54

Health: -4/35      AC:  6    Str: 12    XL:     4   Next: 49%
Magic:  4/7        EV: 12    Int: 14    God:
Gold:   107        SH:  0    Dex: 12    Spells: 2/8 levels left

rFire    . . .     SeeInvis .   h - +2 war axe (elec)
rCold    . . .     Gourm    .   (no shield)
rNeg     . . .     Faith    .   (armour unavailable)
rPois    .         Spirit   .   g - +1 hat
rElec    .         Reflect  .   (no cloak)
rCorr    .         Harm     .   (no gloves)
MR       .....                  (no boots)
Stlth    +.........             (no amulet)
HPRegen  0.11/turn              (no ring)
MPRegen  0.10/turn              (no ring)

@: no status effects
A: unfitting armour, cold-blooded, AC +5
a: no special abilities


You were on level 3 of the Dungeon.
You were not hungry.

You visited 1 branch of the dungeon, and saw 3 of its levels.

You collected 107 gold pieces.

Inventory:

Hand Weapons
 h - a +2 war axe of electrocution (weapon)
Missiles
 a - 8 arrows
Armour
 g - a +1 hat (worn)
Scrolls
 e - 4 scrolls of remove curse
 i - a scroll of identify
Potions
 f - 2 potions of brilliance
 l - a potion of haste
Books
 b - a book of Changes

   Spells                             Type                      Level
   a - Beastly Appendage              Transmutation                1
   b - Sticks to Snakes               Transmutation                2
   c - Spider Form                    Transmutation/Poison         3
   d - Ice Form                       Ice/Transmutation            4
   e - Blade Hands                    Transmutation                5
Comestibles
 c - 4 rations


   Skills:
 + Level 1.1 Fighting
 + Level 1.8 Dodging
 * Level 4.0 Unarmed Combat
 + Level 2.6 Spellcasting
 * Level 3.3 Transmutations


You had 2 spell levels left.
You knew the following spells:

 Your Spells              Type           Power        Failure   Level  Hunger
a - Beastly Appendage     Tmut           ##....       5%          1    #......
c - Spider Form           Tmut/Pois      #.........   32%         3    ###....
v - Sticks to Snakes      Tmut           ##......     9%          2    ###....


Dungeon Overview and Level Annotations

Branches:
Dungeon (3/15)

Altars:
Ashenzari

Annotations:
D:3 Emandoog's ghost, amateur MiFi


Innate Abilities, Weirdness & Mutations

Your plain brown scales are hard. (AC +5)
You cannot fit into any form of body armour.
You are cold-blooded and may be slowed by cold attacks.


Message History

You tail-slap Emandoog's ghost, but do no damage.
Emandoog's ghost is heavily damaged.
Emandoog's ghost hits you!
Your ball python bites Emandoog's ghost but does no damage. x2
Emandoog's ghost barely misses you.
Your ball python bites Emandoog's ghost but does no damage.
Your ball python bites Emandoog's ghost.
You completely miss Emandoog's ghost.
Emandoog's ghost is heavily damaged.
Your ball python bites Emandoog's ghost but does no damage.
Emandoog's ghost hits you!
* * * LOW HITPOINT WARNING * * *
Your ball python closely misses Emandoog's ghost. x2
Unknown command.
You closely miss Emandoog's ghost.
Emandoog's ghost is heavily damaged.
Your ball python barely misses Emandoog's ghost.
Emandoog's ghost says, "You cannot hurt me!"
Emandoog's ghost hits you!
You die...

#.#....# #.#....#
#......#
...####.....######## ...
#...............<.# ....
######.##########.##.....
#..# ####........ ##S#
#.SW.######. #(# #.@.S#
##)######....#
#............#
##....###...... #....#
#<...##. #....# ###### .b
########....# .
#...W.).....#
..######....#


You could see Emandoog's ghost, a bat and 2 friendly ball pythons.

Vanquished Creatures
  2 adders (D:2)
  2 dart slugs
  3 leopard geckos
  8 orcs (D:3)
  4 giant cockroaches
  6 goblins
  7 hobgoblins
  8 jackals
  A quokka (D:2)
  10 bats
  3 frilled lizards
  5 kobolds
  4 rats
63 creatures vanquished.

Notes
Turn   | Place    | Note
-------+----------+-------------------------------------------
     0 | D:1      | RepoMan the Draconian Transmuter began the quest for the Orb.
     0 | D:1      | Reached XP level 1. HP: 16/16 MP: 3/3
   156 | D:1      | Reached XP level 2. HP: 8/23 MP: 3/5
   161 | D:1      | Learned a level 2 spell: Sticks to Snakes
   864 | D:1      | Reached XP level 3. HP: 28/28 MP: 4/6
   877 | D:1      | Learned a level 3 spell: Spider Form
  1663 | D:2      | Found a shattered altar of Ashenzari.
  1794 | D:2      | Reached XP level 4. HP: 35/35 MP: 5/7
  2089 | D:3      | Reached skill level 4 in Unarmed Combat
  2153 | D:3      | Noticed Emandoog's ghost (amateur MiFi)
  2530 | D:3      | Slain by Emandoog's ghost

Skill      XL: |  1  2  3  4 |
---------------+-------------+-----
Transmutations | 3 |  3.3
Unarmed Combat | 4 |  4.0
Fighting       | |  1.1
Dodging        | |  1.8
Spellcasting   | |  2.6

Action                   |  1- 3 |  4- 6 || total
-------------------------+-------+-------++-------
Melee: Unarmed           |   138 |    59 ||   197
       Kick              |     9 |     8 ||    17
       Tailslap          |     4 |     8 ||    12
       Headbutt          |    10 |     2 ||    12
       Punch             |     1 |       ||     1
       War axe           |       |    12 ||    12
 Cast: Beastly Appendage |    27 |     9 ||    36
       Sticks to Snakes  |       |     4 ||     4
       Spider Form       |       |     1 ||     1
  Use: Scroll            |       |     6 ||     6
 Stab: Sleeping          |     1 |       ||     1
  Eat: Chunk             |     3 |     3 ||     6
Armor: Skin              |    51 |     8 ||    59
Dodge: Dodged            |   100 |    42 ||   142
